 Dungeon Crawl Stone Soup version 0.28-a0-1080-g05a166d0ed (webtiles) character file.

Game seed: 14965255226549041811

107 spiderkeys the Ducker (level 4, 0/27 HPs)
             Began as a Deep Elf Abyssal Knight on Dec 10, 2021.
             Was a Follower of Lugonu.
             Slain by an ancient zyme (13 damage)
             ... on level 2 of the Abyss.
             The game lasted 00:01:13 (90 turns).

spiderkeys the Ducker (Deep Elf Abyssal Knight)       Turns: 90, Time: 00:01:14

Health: 0/27       AC:  4    Str: 10    XL:     4   Next: 57%
Magic:  5/8        EV: 13    Int: 17    God:    Lugonu [*.....]
Gold:   0          SH:  0    Dex: 15    Spells: 3/3 levels left

rFire   . . .      SeeInvis .   a - +2 short sword
rCold   . . .      Faith    .   (no shield)
rNeg    . . .      Spirit   .   b - +1 leather armour
rPois   .          Reflect  .   (no helmet)
rElec   .          Harm     .   (no cloak)
rCorr   .          Rampage  .   (no gloves)
Will    .....                   (no boots)
Stlth   +.........              (no amulet)
HPRegen 0.00/turn               (no ring)
MPRegen 0.11/turn               (no ring)

@: sick
A: no striking features
a: Renounce Religion, Depart the Abyss


You were on level 2 of the Abyss.
You worshipped Lugonu.
Lugonu was aware of your devotion.
You visited 0 branches of the dungeon, and saw 0 of its levels.
You visited the Abyss 1 time.


   Skills:
 - Level 2.4 Fighting
 + Level 3.2 Short Blades
 - Level 0.7 Armour
 + Level 3.9 Dodging
 + Level 3.4 Invocations


You had 3 spell levels left.
You didn't know any spells.
Your spell library was empty.

Inventory:

Hand Weapons
 a - a +2 short sword (weapon)
Armour
 b - a +1 leather armour (worn)
 c - the +0 helmet of the Robin {Fly Str+2 Int-3 Slay+6}
   (You found it on level 2 of the Abyss)

   Str:       It affects your strength (+2).
   Int:       It affects your intelligence (-3).
   Slay:      It affects your accuracy & damage with ranged weapons and melee
   (+6).
   Fly:       It grants you flight.

Dungeon Overview and Level Annotations

Branches:
Dungeon (0/15)

Altars:

#
......##......##....
#......##......##....
...................x
.......(............
....................
...............(....
....................
.........?.xe.......
......##....@.##....
...... #......# ...
... .......?....
.................
...###...###...# ...
..... .... ...... ...
....... ..


You could see a deep elf elementalist (fast, repels missiles) and 2 ancient
zymes.


Message History

🤖 Initializing magus.rc ... ✅ Successfully initialized magus.rc [v1.9.10] Welcome, spiderkeys the Deep Elf Abyssal Knight.
The heart of this dungeon contains the awesome artefact, the Orb of Zot.
Lugonu says: Depart the Abyss and spread corruption, my servant! (use the ability menu to exit the Abyss) Press ? for a list of commands and other information.
Found a corrupted altar of Lugonu.
Found a gateway leading deeper into the Abyss.
Unknown command.
There is a gateway leading deeper into the Abyss here.
You plunge deeper into the Abyss.
Found a scroll labelled RUITEDO NAOFYOPET.
Found a corrupted altar of Lugonu.
c - a scroll labelled RUITEDO NAOFYOPET
d - a scroll labelled WURRIN OLYCWUL
e - a scroll labelled ELERUWO LOYTH
f - a scroll labelled DERODI XANA
As you read the scroll labelled RUITEDO NAOFYOPET, it crumbles to dust.
It is a scroll of enchant weapon.
Your +1 short sword glows red for a moment.
A neqoxec comes into view.
A small abomination comes into view.
As you read the scroll labelled WURRIN OLYCWUL, it crumbles to dust.
It is a scroll of identify.
e - a scroll of holy word
As you read the scroll labelled DERODI XANA, it crumbles to dust.
It is a scroll of enchant armour.
Your +0 leather armour glows green for a moment.
c - a scroll labelled VEFANU ZUTI
As you read the scroll labelled VEFANU ZUTI, it crumbles to dust.
The scroll dissolves into smoke.
It was a scroll of fog.
Found 2 datura-tipped darts.
Found a corrupted altar of Lugonu.
As you read the scroll of holy word, it crumbles to dust.
You speak a Word of immense power!
The small abomination convulses!
Okay, then.
A harpy zombie comes into view.
You hit the small abomination but do no damage.
The small abomination is lost in a daze.
The small abomination misses you.
You hit the small abomination.
The small abomination closely misses you.
You hit the small abomination. The small abomination misses you.
You hit the small abomination.
You destroy the small abomination!
Your Short Blades skill increases to level 3!
Your Dodging skill increases to level 3!
Your Invocations skill increases to level 3!
You have reached level 2!
You have reached level 3!
Your experience leads to an increase in your attributes!
Increase (S)trength, (I)ntelligence, or (D)exterity?
You feel clever. x2
You have reached level 4!
You feel clever. 😎 HP[+14]
You now have 27 max hp (+14).
Your hp is fully restored (27).
The substance of the Abyss twists violently, and a gateway leading out appears!
There is a gateway leading out of the Abyss here.
An ancient zyme comes into view.
You feel yourself growing ill in the presence of the ancient zyme.
You see here 2 datura-tipped darts.
You feel ill.
A deep elf elementalist comes into view.
It is wielding a +0 long sword.
The deep elf elementalist shouts!
The deep elf elementalist mumbles some strange words.
The deep elf elementalist seems to speed up. 😎 MP[+1]
The ancient zyme hits you. x2 😕 HP[-3]
You take 3 damage, and now have 24/27 hp.
The ancient zyme hits you. x2
* * * LOW HITPOINT WARNING * * *
You see here the +0 helmet of the Robin {Fly Str+2 Int-3 Slay+6}. 😨 HP[-11]
You take 11 damage, and now have 13/27 hp.
MASSIVE DAMAGE!! (PAUSE)
c - the +0 helmet of the Robin {Fly Str+2 Int-3 Slay+6} The deep elf elementalist misses you.
An ancient zyme comes into view.
The ancient zyme hits you!
You die...

Skill      XL: |  1 |
---------------+----+-----
Short Blades   | 3 |  3.2
Dodging        | 3 |  3.9
Invocations    | 3 |  3.4
Fighting       | |  2.4
Armour         | |  0.7

Action                   |  1- 3 |  4- 6 || total
-------------------------+-------+-------++-------
Melee: Short sword       |     4 |       ||     4
  Use: Scroll            |     5 |       ||     5
Dodge: Dodged            |     3 |     1 ||     4

Levels and vault maps discovered:
Abyss:2:  base: Temple, hangedman_abyss_feature_spike,
          small_statue_intersection, minivault_5, hangedman_abyss_feature_spike

Notes
Turn   | Place    | Note
-------+----------+-------------------------------------------
     0 | Abyss:1  | spiderkeys the Deep Elf Abyssal Knight began the quest for
                  | the Orb.
     0 | Abyss:1  | Reached XP level 1. HP: 13/13 MP: 4/4
     0 | Abyss:1  | magus.rc [v1.9.10]
     9 | Abyss:2  | Found a corrupted altar of Lugonu.
    27 | Abyss:2  | Noticed a neqoxec
    29 | Abyss:2  | Noticed a small abomination
    68 | Abyss:2  | Found a corrupted altar of Lugonu.
    70 | Abyss:2  | Noticed a harpy zombie
    75 | Abyss:2  | Killed a small abomination
    76 | Abyss:2  | Reached skill level 3 in Short Blades
    76 | Abyss:2  | Reached skill level 3 in Dodging
    76 | Abyss:2  | Reached skill level 3 in Invocations
    76 | Abyss:2  | Reached XP level 2. HP: 18/18 MP: 4/6
    76 | Abyss:2  | Reached XP level 3. HP: 22/22 MP: 4/7
    76 | Abyss:2  | Reached XP level 4. HP: 27/27 MP: 4/8
    81 | Abyss:2  | Noticed an ancient zyme
    85 | Abyss:2  | Noticed a deep elf elementalist
    89 | Abyss:2  | Identified the +0 helmet of the Robin {Fly Str+2 Int-3
                  | Slay+6}
    90 | Abyss:2  | Noticed an ancient zyme
    90 | Abyss:2  | Slain by an ancient zyme

Vanquished Creatures
  A small abomination (Abyss:2)
1 creature vanquished.

Table legend:
 A = Non-vault XP
 B = Vault XP
 C = Vault XP percentage of total XP
 D = Non-vault monster count
 E = Vault monster count
 F = Vault count percentage of total count
                 A         B        C        D         E       F
            +---------+---------+-------+---------+---------+-------
      Total |     154 |       0 |   0.0 |       1 |       0 |   0.0
            +---------+---------+-------+---------+---------+-------
    Abyss:2 |     154 |       0 |   0.0 |       1 |       0 |   0.0
            +---------+---------+-------+---------+---------+-------

Illustrated notes

Table legend:
 A = Kills in this place as a percentage of kills in entire the game.
 B = Kills by you in this place as a percentage of kills by you in the entire game.
 C = Kills by friends in this place as a percentage of kills by friends in the entire game.
 D = Other kills in this place as a percentage of other kills in the entire game.
 E = Experience gained in this place as a percentage of experience gained in the entire game.
 F = Experience gained in this place divided by the number of levels of this place that you have seen.
                   A       B       C       D       E      F
               +-------+-------+-------+-------+-------+----------------------
         Total | 100.0 | 100.0 |   N/A |   N/A | 100.0 |  77.0
         Abyss | 100.0 | 100.0 |   N/A |   N/A | 100.0 |  77.0
               +-------+-------+-------+-------+-------+----------------------

Table legend: (Time is in decaauts)
 A = Elapsed time spent in this place.
 B = Non-inter-level travel time spent in this place.
 C = Inter-level travel time spent in this place.
 D = Time resting spent in this place.
 E = Time spent auto-exploring this place.
 F = Levels seen in this place.
 G = Mean time per level.
                   A        B        C        D        E       F      G
               +--------+--------+--------+--------+--------+-----+--------+
         Total |     89 |     89 |      0 |      0 |      1 |   2 |   44.5 |
         Abyss |     89 |     89 |      0 |      0 |      1 |   2 |   44.5 |
               +--------+--------+--------+--------+--------+-----+--------+

Top non-repeatable levels by time:
 Abyss:2: 80 daAuts
 Abyss:1: 9 daAuts
